TOP OF THE 1ST |
Vanderbilt Commodores batting - Pitching for Virginia Tech Hokies : RHP Joel Bailey
|
Pitching: RHP Joel Bailey
|
|
Batting: LHB Micah Brantley
|
0-0: Hit by Pitch
|
Batting: RHB Glen MacDonald
|
0-0: Ball 1-0: Ball 2-0: Foul Ball, location: 2F 2-1: SINGLE (Groundball, 3D) Micah Brantley to second Runner from 2nd tries for 3rd, SAFE, throw made to third
|
Batting: RHB Denis Miller
|
0-0: Called Strike 0-1: Called Strike 0-2: Strikes out swinging
|
Batting: RHB Josh Webb
|
0-0: Ball 1-0: Called Strike 1-1: Called Strike 1-2: Ball 2-2: Ball 3-2: Strikes out looking
|
Batting: RHB Erik Carter
|
0-0: Ball 1-0: Ball 2-0: Fielders Choice at 2nd, U4 (Groundball, 4M)
|
Top of the 1st over - 0 run(s), 1 hit(s), 0 error(s), 2 left on base; Vanderbilt 0 - Virginia Tech 0 |
BOTTOM OF THE 1ST |
Virginia Tech Hokies batting - Pitching for Vanderbilt Commodores : RHP Matt Taylor
|
Pitching: RHP Matt Taylor
|
|
Batting: RHB Doug Hunt
|
0-0: Called Strike 0-1: Fly out, F9 (Flyball, 3DF)
|
Batting: RHB George Clarke
|
0-0: Called Strike 0-1: Foul Ball, location: 2F 0-2: Foul Ball, location: 2F 0-2: Fly out, F4 (Popup, 4D)
|
Batting: LHB Juan Carlos Manuel
|
0-0: Swinging Strike 0-1: Ball 1-1: Ground out 4-3 (Groundball, 4)
|
Bottom of the 1st over - 0 run(s), 0 hit(s), 0 error(s), 0 left on base; Vanderbilt 0 - Virginia Tech 0 |
TOP OF THE 2ND |
Vanderbilt Commodores batting - Pitching for Virginia Tech Hokies : RHP Joel Bailey
|
Batting: RHB Joe Day
|
0-0: Called Strike 0-1: Called Strike 0-2: Ball 1-2: Foul Ball, location: 2F 1-2: Strikes out swinging
|
Batting: LHB Shannon Hunter
|
0-0: Ground out 4-3 (Groundball, 4)
|
Batting: RHB Timothy Foster
|
0-0: Foul Ball, location: 2F 0-1: Foul Ball, location: 2F 0-2: Strikes out swinging
|
Top of the 2nd over - 0 run(s), 0 hit(s), 0 error(s), 0 left on base; Vanderbilt 0 - Virginia Tech 0 |
BOTTOM OF THE 2ND |
Virginia Tech Hokies batting - Pitching for Vanderbilt Commodores : RHP Matt Taylor
|
Batting: RHB Kenny Pruitt
|
0-0: Ball 1-0: Called Strike 1-1: Ball 2-1: SINGLE (Line Drive, 34D)
|
Batting: LHB Nick Moss
|
0-0: Swinging Strike 0-1: Swinging Strike 0-2: Ball 1-2: Strikes out swinging
|
Batting: RHB George Martin
|
0-0: Ball 1-0: Called Strike 1-1: Foul Ball, location: 2F 1-2: Foul Ball, location: 2F 1-2: Hit by Pitch Kenny Pruitt to second
|
Batting: RHB Francisco Medina
|
0-0: Ball Kenny Pruitt steals 3rd base George Martin to second 1-0: Foul Ball, location: 2F 1-1: SINGLE (Groundball, 4) (infield hit) Kenny Pruitt scores George Martin to third
|
Batting: RHB Lawrence Ware
|
0-0: Ball 1-0: Called Strike 1-1: Ball 2-1: Swinging Strike 2-2: Strikes out swinging
|
Batting: RHB Juan Ventura
|
0-0: Ball 1-0: Swinging Strike 1-1: Called Strike 1-2: Ball 2-2: Strikes out looking
|
Bottom of the 2nd over - 1 run(s), 2 hit(s), 0 error(s), 2 left on base; Vanderbilt 0 - Virginia Tech 1 |
TOP OF THE 3RD |
Vanderbilt Commodores batting - Pitching for Virginia Tech Hokies : RHP Joel Bailey
|
Batting: RHB Dan Castaneda
|
0-0: Ball 1-0: Called Strike 1-1: Ground out 1-3 (Groundball, 15)
|
Batting: LHB Micah Brantley
|
0-0: Ball 1-0: Called Strike 1-1: Fly out, F8 (Flyball, 8LM)
|
Batting: RHB Glen MacDonald
|
0-0: Ball 1-0: Foul Ball, location: 2F 1-1: Foul Ball, location: 2F 1-2: Foul Ball, location: 2F 1-2: Foul Ball, location: 2F 1-2: Foul Ball, location: 2F 1-2: Foul Ball, location: 2F 1-2: Fly out, F5 (Popup, 5L)
|
Top of the 3rd over - 0 run(s), 0 hit(s), 0 error(s), 0 left on base; Vanderbilt 0 - Virginia Tech 1 |
BOTTOM OF THE 3RD |
Virginia Tech Hokies batting - Pitching for Vanderbilt Commodores : RHP Matt Taylor
|
Batting: RHB Doug Hunt
|
0-0: Ground out U3 (Groundball, 3S)
|
Batting: RHB George Clarke
|
0-0: Fly out, F9 (Flyball, 89M)
|
Batting: LHB Juan Carlos Manuel
|
0-0: Swinging Strike 0-1: Called Strike 0-2: Ball 1-2: Foul Ball, location: 2F 1-2: Ball 2-2: Ball 3-2: Foul Ball, location: 2F 3-2: Base on Balls
|
Batting: RHB Kenny Pruitt
|
0-0: Called Strike 0-1: SINGLE (Flyball, 89S) Juan Carlos Manuel to second Runner from 2nd tries for 3rd, SAFE, throw made to third Kenny Pruitt to second
|
Batting: LHB Nick Moss
|
0-0: Ball 1-0: Ball 2-0: Ball 3-0: Base on Balls
|
Batting: RHB George Martin
|
0-0: Ball 1-0: Ball 2-0: Swinging Strike 2-1: SINGLE (Line Drive, 7LM) Juan Carlos Manuel scores Kenny Pruitt to third Nick Moss to second
|
Batting: RHB Francisco Medina
|
0-0: Foul Ball, location: 2F 0-1: Foul Ball, location: 2F 0-2: Foul Ball, location: 2F 0-2: Ball 1-2: Ball 2-2: Strikes out swinging
|
Bottom of the 3rd over - 1 run(s), 2 hit(s), 0 error(s), 3 left on base; Vanderbilt 0 - Virginia Tech 2 |
TOP OF THE 4TH |
Vanderbilt Commodores batting - Pitching for Virginia Tech Hokies : RHP Joel Bailey
|
Batting: RHB Denis Miller
|
0-0: Ball 1-0: Foul Ball, location: 2F 1-1: Called Strike 1-2: Ball 2-2: Ball 3-2: Foul Ball, location: 2F 3-2: DOUBLE (Line Drive, 8LXD)
|
Batting: RHB Josh Webb
|
0-0: Called Strike 0-1: Ball 1-1: Swinging Strike 1-2: Foul Ball, location: 2F 1-2: Foul Ball, location: 2F 1-2: Strikes out swinging
|
Batting: RHB Erik Carter
|
0-0: Ball 1-0: Called Strike 1-1: Ball 2-1: Called Strike 2-2: Foul Ball, location: 2F 2-2: Ground out 5-3 (Groundball, 56S) Denis Miller to third
|
Batting: RHB Joe Day
|
0-0: Called Strike 0-1: Fly out, F9 (Flyball, 9M)
|
Top of the 4th over - 0 run(s), 1 hit(s), 0 error(s), 1 left on base; Vanderbilt 0 - Virginia Tech 2 |
BOTTOM OF THE 4TH |
Virginia Tech Hokies batting - Pitching for Vanderbilt Commodores : RHP Matt Taylor
|
Batting: RHB Lawrence Ware
|
0-0: Called Strike 0-1: Ball 1-1: Ball 2-1: Ball 3-1: Called Strike 3-2: Base on Balls
|
Batting: RHB Juan Ventura
|
0-0: Ball 1-0: Called Strike Lawrence Ware is caught stealing 2nd base 1-1: Foul Ball, location: 2F 1-2: Strikes out swinging
|
Batting: RHB Doug Hunt
|
0-0: Called Strike 0-1: Ball 1-1: Ball 2-1: Fly out, F7 (Flyball, 78S)
|
Bottom of the 4th over - 0 run(s), 0 hit(s), 0 error(s), 0 left on base; Vanderbilt 0 - Virginia Tech 2 |
TOP OF THE 5TH |
Vanderbilt Commodores batting - Pitching for Virginia Tech Hokies : RHP Joel Bailey
|
Batting: LHB Shannon Hunter
|
0-0: SINGLE (Line Drive, 56D)
|
Batting: RHB Timothy Foster
|
0-0: Foul Ball, location: 2F 0-1: Called Strike 0-2: Strikes out swinging
|
Batting: RHB Dan Castaneda
|
0-0: Ball 1-0: Called Strike 1-1: Called Strike 1-2: SINGLE (Groundball, 56D) Shannon Hunter to second
|
Batting: LHB Micah Brantley
|
0-0: Ball 1-0: Swinging Strike 1-1: Called Strike 1-2: Ball 2-2: Strikes out swinging
|
Batting: RHB Glen MacDonald
|
0-0: Ball 1-0: Called Strike 1-1: Called Strike 1-2: Ball 2-2: Ball 3-2: Base on Balls Shannon Hunter to third Dan Castaneda to second
|
Pitching: RHP John Harris
|
|
Batting: RHB Denis Miller
|
0-0: Ball 1-0: SINGLE (Groundball, 6MD) Shannon Hunter scores Dan Castaneda to third Glen MacDonald to second Runner from 3rd tries for Home, throw and OUT!
|
Top of the 5th over - 1 run(s), 3 hit(s), 0 error(s), 2 left on base; Vanderbilt 1 - Virginia Tech 2 |
BOTTOM OF THE 5TH |
Virginia Tech Hokies batting - Pitching for Vanderbilt Commodores : RHP Matt Taylor
|
Batting: RHB George Clarke
|
0-0: Ball 1-0: Called Strike 1-1: Called Strike 1-2: Ball 2-2: Ball 3-2: Base on Balls
|
Pitching: LHP Logan Brown
|
|
Batting: LHB Juan Carlos Manuel
|
0-0: Fly out, F7 (Flyball, 78S)
|
Batting: RHB Kenny Pruitt
|
0-0: Ball 1-0: Called Strike 1-1: Ball 2-1: Swinging Strike 2-2: Strikes out swinging George Clarke is caught stealing 2nd base Batter strikes out.
|
Bottom of the 5th over - 0 run(s), 0 hit(s), 0 error(s), 0 left on base; Vanderbilt 1 - Virginia Tech 2 |
TOP OF THE 6TH |
Vanderbilt Commodores batting - Pitching for Virginia Tech Hokies : RHP John Harris
|
Batting: RHB Josh Webb
|
0-0: Called Strike 0-1: Ball 1-1: Ball 2-1: Foul Ball, location: 2F 2-2: Foul Ball, location: 2F 2-2: Ball 3-2: Strikes out looking
|
Batting: RHB Erik Carter
|
0-0: Called Strike 0-1: Swinging Strike 0-2: Strikes out looking
|
Batting: RHB Joe Day
|
0-0: SINGLE (Flyball, 8LS) - OUT at second base trying to stretch hit.
|
Top of the 6th over - 0 run(s), 1 hit(s), 0 error(s), 0 left on base; Vanderbilt 1 - Virginia Tech 2 |
BOTTOM OF THE 6TH |
Virginia Tech Hokies batting - Pitching for Vanderbilt Commodores : LHP Logan Brown
|
Batting: LHB Nick Moss
|
0-0: SINGLE (Flyball, 7LS)
|
Batting: RHB George Martin
|
0-0: Ball Nick Moss is caught stealing 2nd base 1-0: Ball 2-0: Ball 3-0: Called Strike 3-1: Called Strike 3-2: Base on Balls
|
Batting: RHB Francisco Medina
|
0-0: Ball 1-0: Foul Ball, location: 2F 1-1: Called Strike 1-2: Ball 2-2: Ball 3-2: Foul Ball, location: 2F 3-2: SINGLE (Groundball, 4MD) George Martin to second
|
Batting: RHB Lawrence Ware
|
0-0: Fly out, F9 (Flyball, 9M)
|
Batting: RHB Juan Ventura
|
0-0: Fly out, F4 (Line Drive, 4M)
|
Bottom of the 6th over - 0 run(s), 2 hit(s), 0 error(s), 2 left on base; Vanderbilt 1 - Virginia Tech 2 |
TOP OF THE 7TH |
Vanderbilt Commodores batting - Pitching for Virginia Tech Hokies : RHP John Harris
|
Batting: LHB Shannon Hunter
|
0-0: Called Strike 0-1: Ball 1-1: Ball 2-1: Ball 3-1: Foul Ball, location: 2F 3-2: Base on Balls
|
Batting: RHB Timothy Foster
|
0-0: Bunted foul 0-1: Sac Bunt - play at first, batter OUT! 1-4 Shannon Hunter to second
|
Pinch Hitting: RHB Steve Cook
|
0-0: Ball 1-0: Called Strike 1-1: Foul Ball, location: 2F 1-2: Foul Ball, location: 2F 1-2: Ball 2-2: Strikes out swinging
|
Batting: LHB Micah Brantley
|
0-0: Ball 1-0: SINGLE (Groundball, 34D) (infield hit) Shannon Hunter to third
|
Batting: RHB Glen MacDonald
|
0-0: Ball 1-0: Ball 2-0: Ball 3-0: Called Strike 3-1: Ground out 5-3 (Groundball, 56)
|
Top of the 7th over - 0 run(s), 1 hit(s), 0 error(s), 2 left on base; Vanderbilt 1 - Virginia Tech 2 |
BOTTOM OF THE 7TH |
Virginia Tech Hokies batting - Pitching for Vanderbilt Commodores : LHP Logan Brown
|
Pitching: RHP Adrián Rodríguez
|
|
Now in RF: Christian Bauer
|
|
Batting: RHB Doug Hunt
|
0-0: Foul Ball, location: 2F 0-1: Foul Ball, location: 2F 0-2: Foul Ball, location: 2F 0-2: Ball 1-2: Fly out, F3 (Line Drive, 3S)
|
Batting: RHB George Clarke
|
0-0: Ball 1-0: Ball 2-0: Ball 3-0: Called Strike 3-1: Foul Ball, location: 2F 3-2: SINGLE (Line Drive, 4D)
|
Batting: LHB Juan Carlos Manuel
|
0-0: Called Strike 0-1: Ball 1-1: Fly out, F6 (Popup, 4MD)
|
Batting: RHB Kenny Pruitt
|
0-0: Ball George Clarke steals 2nd base 1-0: Ball 2-0: Ball 3-0: Base on Balls
|
Batting: LHB Nick Moss
|
0-0: Swinging Strike 0-1: Called Strike 0-2: Ball 1-2: Foul Ball, location: 2F 1-2: Strikes out swinging
|
Bottom of the 7th over - 0 run(s), 1 hit(s), 0 error(s), 2 left on base; Vanderbilt 1 - Virginia Tech 2 |
TOP OF THE 8TH |
Vanderbilt Commodores batting - Pitching for Virginia Tech Hokies : RHP John Harris
|
Pitching: RHP Will Wallace
|
|
Now at C: Manuel Cervantes
|
|
Batting: RHB Denis Miller
|
0-0: Called Strike 0-1: Ball 1-1: Ball 2-1: Swinging Strike 2-2: Ball 3-2: Foul Ball, location: 2F 3-2: Fly out, F6 (Popup, 56D)
|
Pitching: RHP Héctor Gonzáles
|
|
Batting: RHB Josh Webb
|
0-0: Foul Ball, location: 2F 0-1: Foul Ball, location: 2F 0-2: Ball 1-2: Ball 2-2: Strikes out swinging
|
Batting: RHB Erik Carter
|
0-0: Called Strike 0-1: Called Strike 0-2: Strikes out looking
|
Top of the 8th over - 0 run(s), 0 hit(s), 0 error(s), 0 left on base; Vanderbilt 1 - Virginia Tech 2 |
BOTTOM OF THE 8TH |
Virginia Tech Hokies batting - Pitching for Vanderbilt Commodores : RHP Adrián Rodríguez
|
Batting: RHB George Martin
|
0-0: Ball 1-0: Ball 2-0: Called Strike 2-1: Ball 3-1: Foul Ball, location: 2F 3-2: Foul Ball, location: 2F 3-2: Foul Ball, location: 2F 3-2: Base on Balls
|
Batting: RHB Francisco Medina
|
0-0: Called Strike 0-1: Foul Ball, location: 2F 0-2: SINGLE (Line Drive, 8LS) George Martin to second
|
Batting: RHB Lawrence Ware
|
0-0: Ball 1-0: Foul Ball, location: 2F 1-1: Ball 2-1: Ball 3-1: Base on Balls George Martin to third Francisco Medina to second
|
Pitching: RHP Dylan Hamilton
|
|
Batting: RHB Juan Ventura
|
0-0: SINGLE (Groundball, 4D) George Martin scores Francisco Medina to third Lawrence Ware to second Runner from 3rd tries for Home, throw and OUT!
|
Batting: RHB Doug Hunt
|
0-0: Ball 1-0: Ball 2-0: Foul Ball, location: 2F 2-1: Foul Ball, location: 2F 2-2: Foul Ball, location: 2F 2-2: Ball 3-2: Base on Balls Lawrence Ware to third Juan Ventura to second
|
Batting: RHB George Clarke
|
0-0: Called Strike 0-1: Foul Ball, location: 2F 0-2: Ball 1-2: Fly out, F4 (Popup, 4)
|
Batting: RHB Manuel Cervantes
|
0-0: Foul Ball, location: 2F 0-1: Fly out, F3 (Popup, 34)
|
Bottom of the 8th over - 1 run(s), 2 hit(s), 0 error(s), 3 left on base; Vanderbilt 1 - Virginia Tech 3 |
TOP OF THE 9TH |
Vanderbilt Commodores batting - Pitching for Virginia Tech Hokies : RHP Héctor Gonzáles
|
Pitching: LHP Phil Green
|
|
Batting: RHB Joe Day
|
0-0: Ball 1-0: Ball 2-0: Foul Ball, location: 2F 2-1: Ground out 5-3 (Groundball, 56S)
|
Batting: LHB Shannon Hunter
|
0-0: SINGLE (Line Drive, 89S)
|
Batting: RHB Timothy Foster
|
0-0: Called Strike 0-1: Ball 1-1: Ball 2-1: SINGLE (Groundball, 6M) (infield hit) Shannon Hunter to second
|
Batting: RHB Christian Bauer
|
0-0: Called Strike 0-1: Ball 1-1: Ball 2-1: Foul Ball, location: 2F 2-2: Ball 3-2: Strikes out looking
|
Batting: LHB Micah Brantley
|
0-0: Ball 1-0: Foul Ball, location: 2F 1-1: Ball 2-1: Ball 3-1: Fly out, F8 (Flyball, 8RM)
|
Top of the 9th over - 0 run(s), 2 hit(s), 0 error(s), 2 left on base; Vanderbilt 1 - Virginia Tech 3 |
|